NCAA
NORTHWESTERN WILDCATS @ RUTGERS SCARLET KNIGHTS
04/28/2023
 
TOP OF THE 1ST
Northwestern Wildcats batting - Pitching for Rutgers Scarlet Knights : LHP Jason Simpson
Pitching: LHP Jason Simpson
Batting: RHB Pablo Velásquez 0-0: Called Strike
0-1: Ball
1-1: SINGLE (Groundball, 5D)
Batting: RHB John Miller 0-0: Fly out, F9 (Flyball, 9D)
Batting: SHB Arnold Maddox 0-0: Ball
1-0: Swinging Strike
1-1: Ball
2-1: Ball
3-1: Foul Ball, location: 2F
3-2: Base on Balls
Pablo Velásquez to second
Batting: RHB Robbie Davis 0-0: Ball
1-0: Foul Ball, location: 2F
1-1: Ball
2-1: Foul Ball, location: 2F
2-2: Strikes out swinging
Batting: RHB Woody Hall 0-0: 3-RUN HOME RUN (Line Drive, 7LD), Distance : 320 ft
Batting: RHB Truman Younger 0-0: Swinging Strike
0-1: Ball
1-1: Fly out, F7 (Line Drive, 7M)
Top of the 1st over - 3 run(s), 2 hit(s), 0 error(s), 0 left on base; Northwestern 3 - Rutgers 0
BOTTOM OF THE 1ST
Rutgers Scarlet Knights batting - Pitching for Northwestern Wildcats : RHP Juan Contreras
Pitching: RHP Juan Contreras
Batting: RHB Ed Ward 0-0: Foul Ball, location: 2F
0-1: Foul Ball, location: 2F
0-2: Strikes out looking
Batting: SHB Kevin Shelton 0-0: Called Strike
0-1: Ball
1-1: Foul Ball, location: 2F
1-2: Ground out 4-3 (Groundball, 4)
Batting: RHB Jeremy Clark 0-0: Ball
1-0: Ball
2-0: Ground out 6-3 (Groundball, 6)
Bottom of the 1st over - 0 run(s), 0 hit(s), 0 error(s), 0 left on base; Northwestern 3 - Rutgers 0
TOP OF THE 2ND
Northwestern Wildcats batting - Pitching for Rutgers Scarlet Knights : LHP Jason Simpson
Batting: RHB Howard Russell 0-0: Called Strike
0-1: Ground out 5-3 (Groundball, 5)
Batting: RHB Thomas Brennan 0-0: Called Strike
0-1: Foul Ball, location: 2F
0-2: Foul Ball, location: 2F
0-2: Strikes out swinging
Batting: SHB Tim Taylor 0-0: Fly out, F3 (Popup, 3F)
Top of the 2nd over - 0 run(s), 0 hit(s), 0 error(s), 0 left on base; Northwestern 3 - Rutgers 0
BOTTOM OF THE 2ND
Rutgers Scarlet Knights batting - Pitching for Northwestern Wildcats : RHP Juan Contreras
Batting: SHB William Daly 0-0: Ball
1-0: Called Strike
1-1: Called Strike
1-2: Strikes out swinging
Batting: LHB Bob Dunham 0-0: Ball
1-0: Foul Ball, location: 2F
1-1: Ball
2-1: Foul Ball, location: 2F
2-2: SINGLE (Line Drive, 34)
Batting: RHB Darren Steele 0-0: Grounds into double play, 5-4-3 (Groundball, 56)
Bottom of the 2nd over - 0 run(s), 1 hit(s), 0 error(s), 0 left on base; Northwestern 3 - Rutgers 0
TOP OF THE 3RD
Northwestern Wildcats batting - Pitching for Rutgers Scarlet Knights : LHP Jason Simpson
Batting: RHB Pablo Velásquez 0-0: Called Strike
0-1: Ball
1-1: Called Strike
1-2: Ball
2-2: Foul Ball, location: 2F
2-2: Ball
3-2: Foul Ball, location: 2F
3-2: Foul Ball, location: 2F
3-2: SINGLE (Groundball, 4MD)
Batting: RHB John Miller 0-0: Called Strike
0-1: Ball
1-1: Called Strike
1-2: Strikes out swinging
Batting: SHB Arnold Maddox 0-0: Ball
1-0: Swinging Strike
1-1: Ball
2-1: Ball
3-1: SINGLE (Line Drive, 6D)
Pablo Velásquez to second
Batting: RHB Robbie Davis 0-0: Ball
Pablo Velásquez steals 3rd base
Arnold Maddox to second
1-0: Ball
2-0: Called Strike
2-1: Ball
3-1: Reached on error, E6 (Groundball, 6M)
Pablo Velásquez scores
Arnold Maddox to third
Batting: RHB Woody Hall 0-0: Ball
1-0: Foul Ball, location: 2F
1-1: Foul Ball, location: 2F
1-2: Ball
2-2: Fly out, F9 (Flyball, 89M)
Runner from 3rd tags up, SCORES, no throw
Batting: RHB Truman Younger 0-0: Ball
1-0: Ball
2-0: Ball
3-0: Base on Balls
Robbie Davis to second
Batting: RHB Howard Russell 0-0: Ball
1-0: Ball
2-0: Ball
3-0: Called Strike
3-1: Fly out, F8 (Flyball, 8LM)
Top of the 3rd over - 2 run(s), 2 hit(s), 1 error(s), 2 left on base; Northwestern 5 - Rutgers 0
BOTTOM OF THE 3RD
Rutgers Scarlet Knights batting - Pitching for Northwestern Wildcats : RHP Juan Contreras
Batting: RHB John Patterson 0-0: Called Strike
0-1: Called Strike
0-2: Strikes out looking
Batting: RHB Buddy Brown 0-0: Called Strike
0-1: Fly out, F6 (Popup, 56D)
Batting: RHB Chris Vásquez 0-0: Ball
1-0: Fly out, F9 (Flyball, 89M)
Bottom of the 3rd over - 0 run(s), 0 hit(s), 0 error(s), 0 left on base; Northwestern 5 - Rutgers 0
TOP OF THE 4TH
Northwestern Wildcats batting - Pitching for Rutgers Scarlet Knights : LHP Jason Simpson
Batting: RHB Thomas Brennan 0-0: Called Strike
0-1: Swinging Strike
0-2: Ball
1-2: Ball
2-2: Foul Ball, location: 2F
2-2: Foul Ball, location: 2F
2-2: Ball
3-2: Strikes out swinging
Batting: SHB Tim Taylor 0-0: Swinging Strike
0-1: Ball
1-1: Swinging Strike
1-2: Ball
2-2: Ball
3-2: Base on Balls
Batting: RHB Pablo Velásquez 0-0: Fielders Choice at 2nd, 4-6 (Groundball, 4)
Batting: RHB John Miller 0-0: Ball
1-0: Ball
2-0: Swinging Strike
2-1: Called Strike
2-2: Fly out, F8 (Flyball, 89M)
Top of the 4th over - 0 run(s), 0 hit(s), 0 error(s), 1 left on base; Northwestern 5 - Rutgers 0
BOTTOM OF THE 4TH
Rutgers Scarlet Knights batting - Pitching for Northwestern Wildcats : RHP Juan Contreras
Batting: RHB Ed Ward 0-0: Foul Ball, location: 2F
0-1: Foul Ball, location: 2F
0-2: Fly out, F9 (Flyball, 89S)
Batting: SHB Kevin Shelton 0-0: Ball
1-0: Ball
2-0: Ball
3-0: Called Strike
3-1: Foul Ball, location: 2F
3-2: Strikes out looking
Batting: RHB Jeremy Clark 0-0: Ball
1-0: Ball
2-0: Called Strike
2-1: Called Strike
2-2: Foul Ball, location: 2F
2-2: Fly out, F2 (Popup, 2RF)
Bottom of the 4th over - 0 run(s), 0 hit(s), 0 error(s), 0 left on base; Northwestern 5 - Rutgers 0
TOP OF THE 5TH
Northwestern Wildcats batting - Pitching for Rutgers Scarlet Knights : LHP Jason Simpson
Pitching: RHP Ryan Miller
Batting: SHB Arnold Maddox 0-0: Ball
1-0: Foul Ball, location: 2F
1-1: Ball
2-1: Swinging Strike
2-2: Ball
3-2: Strikes out looking
Batting: RHB Robbie Davis 0-0: Ball
1-0: Foul Ball, location: 2F
1-1: Called Strike
1-2: Ball
2-2: Strikes out looking
Batting: RHB Woody Hall 0-0: Ground out 5-3 (Groundball, 15S)
Top of the 5th over - 0 run(s), 0 hit(s), 0 error(s), 0 left on base; Northwestern 5 - Rutgers 0
BOTTOM OF THE 5TH
Rutgers Scarlet Knights batting - Pitching for Northwestern Wildcats : RHP Juan Contreras
Batting: SHB William Daly 0-0: Called Strike
0-1: Swinging Strike
0-2: Ball
1-2: Strikes out swinging
Batting: LHB Bob Dunham 0-0: Ball
1-0: Ball
2-0: Called Strike
2-1: Ground out 5-3 (Groundball, 5)
Batting: RHB Darren Steele 0-0: DOUBLE (Flyball, 89M)
Batting: RHB John Patterson 0-0: Foul Ball, location: 2F
0-1: Ball
1-1: Ball
2-1: Foul Ball, location: 2F
2-2: Fly out, F6 (Popup, 6MD)
Bottom of the 5th over - 0 run(s), 1 hit(s), 0 error(s), 1 left on base; Northwestern 5 - Rutgers 0
TOP OF THE 6TH
Northwestern Wildcats batting - Pitching for Rutgers Scarlet Knights : RHP Ryan Miller
Batting: RHB Truman Younger 0-0: Ball
1-0: Foul Ball, location: 2F
1-1: Foul Ball, location: 2F
1-2: Ball
2-2: Strikes out swinging
Batting: RHB Howard Russell 0-0: Called Strike
0-1: Ball
1-1: Swinging Strike
1-2: Strikes out swinging
Batting: RHB Thomas Brennan 0-0: Swinging Strike
0-1: Ball
1-1: Swinging Strike
1-2: Ball
2-2: Strikes out looking
Top of the 6th over - 0 run(s), 0 hit(s), 0 error(s), 0 left on base; Northwestern 5 - Rutgers 0
BOTTOM OF THE 6TH
Rutgers Scarlet Knights batting - Pitching for Northwestern Wildcats : RHP Juan Contreras
Batting: RHB Buddy Brown 0-0: Ball
1-0: Ball
2-0: Ground out 4-3 (Groundball, 34)
Batting: RHB Chris Vásquez 0-0: Ground out 4-3 (Groundball, 4)
Batting: RHB Ed Ward 0-0: Called Strike
0-1: Ball
1-1: Ball
2-1: SINGLE (Line Drive, 9LS)
Batting: SHB Kevin Shelton 0-0: Ball
1-0: Ball
2-0: Swinging Strike
2-1: Ball
3-1: Swinging Strike
3-2: Strikes out looking
Bottom of the 6th over - 0 run(s), 1 hit(s), 0 error(s), 1 left on base; Northwestern 5 - Rutgers 0
TOP OF THE 7TH
Northwestern Wildcats batting - Pitching for Rutgers Scarlet Knights : RHP Ryan Miller
Pitching: LHP Jesús Morán
Batting: SHB Tim Taylor 0-0: Called Strike
0-1: Called Strike
0-2: Ball
1-2: Ball
2-2: Ball
3-2: Base on Balls
Batting: RHB Pablo Velásquez 0-0: Sac Bunt - play at first, batter OUT! 1-3
Tim Taylor to second
Batting: RHB John Miller 0-0: Ball
1-0: Ball
2-0: Called Strike
2-1: Ball
3-1: Called Strike
3-2: Base on Balls
Batting: SHB Arnold Maddox 0-0: Ball
1-0: Ball
2-0: Foul Ball, location: 2F
2-1: Foul Ball, location: 2F
2-2: Foul Ball, location: 2F
2-2: Ball
3-2: Base on Balls
Tim Taylor to third
John Miller to second
Batting: RHB Robbie Davis 0-0: Ball
1-0: Ball
2-0: Ball
3-0: Called Strike
3-1: Grounds into double play, 1-2-3 (Groundball, 25)
Top of the 7th over - 0 run(s), 0 hit(s), 0 error(s), 2 left on base; Northwestern 5 - Rutgers 0
BOTTOM OF THE 7TH
Rutgers Scarlet Knights batting - Pitching for Northwestern Wildcats : RHP Juan Contreras
Batting: RHB Jeremy Clark 0-0: Foul Ball, location: 2F
0-1: Ball
1-1: Ball
2-1: Called Strike
2-2: SOLO HOME RUN (Flyball, 7D), Distance : 367 ft
Batting: SHB William Daly 0-0: Called Strike
0-1: Called Strike
0-2: Foul Ball, location: 2F
0-2: Strikes out looking
Batting: LHB Bob Dunham 0-0: Ball
1-0: Foul Ball, location: 2F
1-1: Fly out, F7 (Flyball, 78M)
Batting: RHB Darren Steele 0-0: Ball
1-0: Ball
2-0: Ball
3-0: Base on Balls
Pitching: RHP Daniel Washington
Batting: RHB John Patterson 0-0: Ball
1-0: Ball
2-0: Ball
3-0: Called Strike
3-1: Base on Balls
Darren Steele to second
Batting: RHB Buddy Brown 0-0: Called Strike
0-1: Ball
1-1: Ball
2-1: Swinging Strike
2-2: Ball
3-2: Base on Balls
Darren Steele to third
John Patterson to second
Batting: RHB Chris Vásquez 0-0: Called Strike
0-1: Ball
1-1: Fly out, F8 (Flyball, 78S)
Bottom of the 7th over - 1 run(s), 1 hit(s), 0 error(s), 3 left on base; Northwestern 5 - Rutgers 1
TOP OF THE 8TH
Northwestern Wildcats batting - Pitching for Rutgers Scarlet Knights : LHP Jesús Morán
Batting: RHB Woody Hall 0-0: Ball
1-0: Called Strike
1-1: Ball
2-1: Fly out, F7 (Flyball, 7M)
Batting: RHB Truman Younger 0-0: Foul Ball, location: 2F
0-1: Foul Ball, location: 2F
0-2: Ball
1-2: Ball
2-2: Ball
3-2: Reached on Error, E7 (Flyball, 7D)
Batting: RHB Howard Russell 0-0: Swinging Strike
0-1: Ball
1-1: Foul Ball, location: 2F
1-2: Ball
2-2: Foul Ball, location: 2F
2-2: Strikes out swinging
Batting: RHB Thomas Brennan 0-0: SINGLE (Flyball, 8RS)
Truman Younger to third
Batting: SHB Tim Taylor 0-0: Ball
1-0: Called Strike
1-1: Ball
2-1: Fly out, F9 (Flyball, 9M)
Top of the 8th over - 0 run(s), 1 hit(s), 1 error(s), 2 left on base; Northwestern 5 - Rutgers 1
BOTTOM OF THE 8TH
Rutgers Scarlet Knights batting - Pitching for Northwestern Wildcats : RHP Daniel Washington
Batting: RHB Ed Ward 0-0: Ball
1-0: Ball
2-0: Ball
3-0: Base on Balls
Batting: SHB Kevin Shelton 0-0: Fly out, F4 (Line Drive, 34)
Batting: RHB Jeremy Clark 0-0: Foul Ball, location: 2F
0-1: Swinging Strike
0-2: Strikes out looking
Batting: SHB William Daly 0-0: Ball
1-0: Swinging Strike
1-1: Called Strike
1-2: SINGLE (Groundball, 3D)
Ed Ward to second
Runner from 2nd tries for 3rd, SAFE, no throw or cutoff
Pitching: RHP Ken Ferguson
Batting: LHB Bob Dunham 0-0: Foul Ball, location: 2F
0-1: Ball
1-1: Called Strike
1-2: Ball
2-2: Foul Ball, location: 2F
2-2: Ball
3-2: Base on Balls
William Daly to second
Batting: RHB Darren Steele 0-0: Swinging Strike
0-1: Called Strike
0-2: Strikes out looking
Bottom of the 8th over - 0 run(s), 1 hit(s), 0 error(s), 3 left on base; Northwestern 5 - Rutgers 1
TOP OF THE 9TH
Northwestern Wildcats batting - Pitching for Rutgers Scarlet Knights : LHP Jesús Morán
Pitching: RHP Dominic Scott
Batting: RHB Pablo Velásquez 0-0: Foul Ball, location: 2F
0-1: Swinging Strike
0-2: Strikes out looking
Batting: RHB John Miller 0-0: Ball
1-0: Ball
Error on foul ball, E5
2-1: Swinging Strike
2-2: Ball
3-2: Foul Ball, location: 2F
3-2: Strikes out looking
Batting: SHB Arnold Maddox 0-0: Swinging Strike
0-1: Ball
1-1: Fly out, F8 (Flyball, 78M)
Top of the 9th over - 0 run(s), 0 hit(s), 1 error(s), 0 left on base; Northwestern 5 - Rutgers 1
BOTTOM OF THE 9TH
Rutgers Scarlet Knights batting - Pitching for Northwestern Wildcats : RHP Ken Ferguson
Pitching: RHP Harlan Bruce
Batting: RHB John Patterson 0-0: Ball
1-0: Called Strike
1-1: Swinging Strike
1-2: SINGLE (Flyball, 9LS)
Batting: RHB Buddy Brown 0-0: Called Strike
0-1: Foul Ball, location: 2F
0-2: Ball
1-2: Fly out, F8 (Flyball, 8RM)
Batting: RHB Chris Vásquez 0-0: Called Strike
0-1: Foul Ball, location: 2F
0-2: Ball
1-2: Ball
2-2: Ball
3-2: Foul Ball, location: 2F
3-2: Foul Ball, location: 2F
3-2: Base on Balls
John Patterson to second
Batting: RHB Ed Ward 0-0: Ball
1-0: Ball
2-0: Ball
3-0: Base on Balls
John Patterson to third
Chris Vásquez to second
Batting: SHB Kevin Shelton 0-0: Called Strike
0-1: Ball
Wild Pitch!
John Patterson scores
Chris Vásquez to third
Ed Ward to second
1-1: DOUBLE (Line Drive, 7LM)
Chris Vásquez scores
Ed Ward scores
Pitching: RHP Alfredo García
Batting: RHB Jeremy Clark 0-0: Ball
1-0: Foul Ball, location: 2F
1-1: Ball
2-1: Ball
3-1: Called Strike
3-2: SINGLE (Line Drive, 34)
Kevin Shelton to third
Batting: SHB William Daly 0-0: Called Strike
0-1: Ball
1-1: Swinging Strike
1-2: Ball
2-2: Strikes out swinging
Batting: LHB Bob Dunham 0-0: Ball
1-0: Ball
2-0: Foul Ball, location: 2F
2-1: Swinging Strike
2-2: Strikes out swinging
Bottom of the 9th over - 3 run(s), 3 hit(s), 0 error(s), 2 left on base; Northwestern 5 - Rutgers 4
This league is powered by Out of the Park Baseball, the baseball management simulation game for PC, Mac and Linux
Wednesday, December 2nd, 2015 - OOTP Baseball 16.8 Build 38